 Dungeon Crawl Stone Soup version 0.20.1-1-g8b1a95d (webtiles) character file.

3488 Irenicus the Martial Artist (level 9, -4/70 HPs)
             Began as a Deep Dwarf Transmuter on Oct 21, 2017.
             Slain by a two-headed ogre
             ... wielding a +0 giant club
              (21 damage)
             ... on level 8 of the Dungeon.
             The game lasted 00:30:23 (7295 turns).

Irenicus the Martial Artist (Deep Dwarf Transmuter) Turns: 7295, Time: 00:30:23

Health: -4/70      AC:  5    Str: 14    XL:     9   Next: 80%
Magic:  18/18      EV: 13    Int: 14    God:
Gold:   504        SH:  6    Dex: 18    Spells: 6/12 levels left

rFire    . . .     SeeInvis .     - Unarmed
rCold    + . .     Gourm    .   y - +2 buckler {rC+}
rNeg     . . .     Faith    .   j - +0 leather armour
rPois    .         Spirit   .   (helmet restricted)
rElec    .         Reflect  .   (no cloak)
rCorr    .         Harm     .   (no gloves)
MR       +....                  (no boots)
Stlth    +.........             (no amulet)
Regen    0.0/turn               w - ring of wizardry
MPRegen  0.2/turn               D - ring of magical power

@: non-regenerating
A: damage resistance, heal wounds, beak, slimy green scales 1, agile 1, sense
surroundings 2, no regeneration
a: Heal Wounds


You were on level 8 of the Dungeon.
You were hungry.

You visited 2 branches of the dungeon, and saw 9 of its levels.
You also visited: Sewer.

You collected 504 gold pieces.

Inventory:

Missiles
 a - 80 arrows
 q - 2 throwing nets (quivered)
Armour
 j - a +0 leather armour (worn)
 y - a +2 buckler of cold resistance (worn)
 F - a +0 cloak
Jewellery
 g - an uncursed ring of flight
 n - an uncursed ring of stealth
 w - a ring of wizardry (left hand)
 D - a ring of magical power (right hand)
Wands
 b - a wand of random effects (18/48)
 v - a wand of polymorph (18/24)
 C - a wand of enslavement (11/24)
Scrolls
 e - 5 scrolls of remove curse
 f - 3 scrolls of teleportation
 h - a scroll of amnesia {unknown}
 i - 3 scrolls of magic mapping {unknown}
 k - 6 scrolls of identify
 m - 4 scrolls of blinking {unknown}
 r - a scroll of recharging
 t - a scroll of enchant weapon {unknown}
 x - a scroll of fog {unknown}
 A - a scroll of silence {unknown}
 B - a scroll of enchant armour {unknown}
Potions
 o - 4 potions of curing
 s - 4 potions of haste
 z - a potion of agility
Books
 c - a book of Changes

   Spells                             Type                      Level
   a - Beastly Appendage              Transmutation                1
   b - Sticks to Snakes               Transmutation                2
   c - Spider Form                    Transmutation/Poison         3
   d - Ice Form                       Ice/Transmutation            4
   e - Blade Hands                    Transmutation                5
Comestibles
 d - 3 bread rations
 l - 4 meat rations
 p - 2 royal jellies


   Skills:
 - Level 1.0 Fighting
 - Level 4.1 Dodging
 - Level 1.0 Shields
 + Level 11.4 Unarmed Combat
 - Level 2.0 Spellcasting
 + Level 4.8 Transmutations
 - Level 2.0 Poison Magic


You had 6 spell levels left.
You knew the following spells:

 Your Spells              Type           Power        Failure   Level  Hunger
a - Beastly Appendage     Tmut           ##....       2%          1    ##.....
b - Sticks to Snakes      Tmut           ##......     3%          2    ###....
e - Spider Form           Tmut/Pois      ##........   13%         3    ####...


Dungeon Overview and Level Annotations

Branches:
Dungeon (8/15)             Temple (1/1) D:5
   Lair: D:8-11

Altars:
Ashenzari
Cheibriados
Dithmenos
Elyvilon
Fedhas
Gozag
Hepliaklqana
Kikubaaqudgha
Okawaru
Qazlal
Ru
Sif Muna
Trog
Uskayaw
Vehumet
Yredelemnul
Zin
The Shining One

Shops:
D:5 [


Innate Abilities, Weirdness & Mutations

You are resistant to damage.
You can heal yourself by infusing magical energy.
You passively map the area around you.
You do not regenerate.
You have a beak for a mouth.
You are partially covered in slimy green scales. (AC +2)
You are agile. (Dex +2)


Message History

The sky beast misses you.
You completely miss the sky beast.
The sky beast is almost dead.
You kill the sky beast!
Things that are here:
a scimitar of flaming; a robe; the human corpse of Erica You enter the shallow water.
Moving in this stuff is going to be slow.
o - 4 potions of curing (gained 1)
Your transformation has ended.
Your +2 buckler of cold resistance unmelds from your body.
Your +0 leather armour unmelds from your body.
You feel resistant to cold.
Magic restored.
A two-headed ogre comes into view.
It is wielding a giant club and a dire flail.
The two-headed ogre shouts in stereo!
The two-headed ogre moves out of view.
Found a scimitar.
The two-headed ogre hits you with a giant club!!
You die...

* #.# #...........<#
*
#.##################
* ⌠ #....)≈.....# ,
, ###########.# ⌠
#.# , #########.# *
#.........# ,,,,
#.######### ** * *
#@# * * #.....O.# *
* #.......# *
#.......# , ,
#.......# , *
#.......# ,
,+,+.......# ,
**#......## , , ,


You could see a two-headed ogre.

Vanquished Creatures
  Erica (D:8)
  Eustachio (D:4)
  A water moccasin (D:6)
  An orc warrior (D:6)
  3 sky beasts
  4 ogres
  3 centaurs
  7 bullfrogs
  A scorpion (D:4)
  A howler monkey (D:6)
  2 crimson imps
  3 hounds
  3 orc priests (D:6)
  A jelly (D:7)
  5 orc wizards
  Jessica (D:2)
  Crazy Yiuf (D:7)
  Ijyb (D:4)
  2 iguanas (D:6)
  A worker ant (D:7)
  A killer bee zombie (D:7)
  A hound zombie (D:7)
  A hound skeleton (D:6)
  A howler monkey skeleton (D:4)
  3 gnolls (D:5)
  11 adders
  2 shadow imps
  9 oozes (Sewer)
  An adder skeleton (D:6)
  A worm (D:3)
  3 dart slugs
  14 leopard geckos
  22 orcs
  20 giant cockroaches
  13 goblins
  4 hobgoblins
  14 jackals
  2 quokkas
  10 ball pythons
  6 bats
  16 frilled lizards
  5 kobolds
  A quokka skeleton (D:6)
  9 rats
213 creatures vanquished.

Vanquished Creatures (collateral kills)
  A phantom (D:7)
  An ogre (D:4)
  A bullfrog (D:7)
  2 worms
  A giant cockroach (D:2)
  3 goblins
  A kobold (D:2)
  A frilled lizard (Sewer)
11 creatures vanquished.

Grand Total: 224 creatures vanquished

Notes
Turn   | Place    | Note
-------+----------+-------------------------------------------
     0 | D:1      | Irenicus the Deep Dwarf Transmuter began the quest for the Orb.
     0 | D:1      | Reached XP level 1. HP: 16/16 MP: 3/3
    90 | D:1      | Reached skill level 3 in Unarmed Combat
   103 | D:1      | Reached skill level 1 in Fighting
   130 | D:1      | Reached XP level 2. HP: 12/25 MP: 2/4
   859 | D:1      | Reached XP level 3. HP: 8/31 MP: 3/5
   863 | D:1      | Learned a level 2 spell: Sticks to Snakes
  1428 | D:2      | Learned a level 3 spell: Spider Form
  1464 | D:2      | Noticed Jessica
  1532 | D:2      | Killed Jessica
  1532 | D:2      | Reached XP level 4. HP: 16/38 MP: 2/7
  1545 | D:2      | Found a stormy altar of Qazlal.
  2090 | D:3      | Found a glowing drain.
  2097 | Sewer    | Entered a sewer
  2213 | Sewer    | Reached skill level 1 in Poison Magic
  2296 | Sewer    | Reached XP level 5. HP: 11/44 MP: 3/8
  2393 | Sewer    | Gained mutation: You are partially covered in rugged brown scales. (AC +1, +3% HP) [potion of mutation]
  2393 | Sewer    | Gained mutation: You are weak. (Str -2) [potion of mutation]
  2393 | Sewer    | Gained mutation: You are robust. (+10% HP) [potion of mutation]
  2393 | Sewer    | Gained mutation: You are agile. (Dex +2) [potion of mutation]
  2540 | Sewer    | Reached skill level 4 in Unarmed Combat
  2540 | Sewer    | Reached XP level 6. HP: 26/57 MP: 0/9
  2585 | Sewer    | Reached skill level 5 in Unarmed Combat
  2650 | D:3      | Found a hazy altar of Hepliaklqana.
  3404 | D:4      | Found a blossoming altar of Fedhas.
  3657 | D:4      | Reached XP level 7. HP: 10/64 MP: 1/9
  3731 | D:4      | Noticed Ijyb
  3749 | D:4      | Killed Ijyb
  4046 | D:4      | Noticed Eustachio
  4071 | D:4      | Killed Eustachio
  4264 | D:4      | Found a basalt altar of Yredelemnul.
  4513 | D:5      | Entered Level 5 of the Dungeon
  4583 | D:5      | Found Gukkycw's Antique Armour Boutique.
  4634 | D:5      | Reached skill level 6 in Unarmed Combat
  4678 | D:5      | Found a radiant altar of Vehumet.
  4757 | D:5      | Gained mutation: You are very weak. (Str -4) [mutagenic meat]
  4758 | D:5      | Gained mutation: You have a beak for a mouth. [mutagenic meat]
  4831 | D:5      | Found a staircase to the Ecumenical Temple.
  4837 | Temple   | Entered the Ecumenical Temple
  5013 | D:5      | Reached skill level 7 in Unarmed Combat
  5013 | D:5      | Reached XP level 8. HP: 21/72 MP: 6/10
  5314 | D:6      | Found a glowing silver altar of Zin.
  5541 | D:6      | Reached skill level 8 in Unarmed Combat
  5636 | D:6      | Lost mutation: You are agile. (Dex +2) [potion of mutation]
  5636 | D:6      | Lost mutation: You are robust. (+10% HP) [potion of mutation]
  5636 | D:6      | Lost mutation: You are very weak. (Str -4) [potion of mutation]
  5636 | D:6      | Lost mutation: You are weak. (Str -2) [potion of mutation]
  5636 | D:6      | Lost mutation: You are partially covered in rugged brown scales. (AC +1, +3% HP) [potion of mutation]
  5636 | D:6      | Gained mutation: You possess an exceptional clarity of mind. [potion of mutation]
  5636 | D:6      | Lost mutation: You possess an exceptional clarity of mind. [potion of mutation]
  5636 | D:6      | Gained mutation: You are partially covered in slimy green scales. (AC +2) [potion of mutation]
  5860 | D:6      | Reached skill level 9 in Unarmed Combat
  5865 | D:6      | Gained mutation: You are agile. (Dex +2) [mutagenic meat]
  6013 | D:6      | Gained mutation: You passively map the area around you. [Deep Dwarf growth]
  6013 | D:6      | Reached XP level 9. HP: 18/70 MP: 2/10
  6251 | D:7      | Found an ancient bone altar of Kikubaaqudgha.
  6277 | D:7      | Reached skill level 10 in Unarmed Combat
  6577 | D:7      | Found a hide-covered altar of Uskayaw.
  6708 | D:7      | Reached skill level 1 in Shields
  6940 | D:7      | Found a runed door.
  6950 | D:7      | Noticed Crazy Yiuf
  6952 | D:7      | Killed Crazy Yiuf
  7241 | D:8      | Noticed Erica
  7260 | D:8      | Killed Erica
  7260 | D:8      | Reached skill level 11 in Unarmed Combat
  7293 | D:8      | Noticed a two-headed ogre
  7295 | D:8      | Slain by a two-headed ogre

Skill      XL: |  1  2  3  4  5  6  7  8  9 |
---------------+----------------------------+-----
Unarmed Combat | 3 4 5 7 9 11 | 11.4
Fighting       | 1 |  1.0
Transmutations | 2 3 4 |  4.8
Spellcasting   | 2 |  2.0
Poison Magic   | 1 2 |  2.0
Dodging        | 4 |  4.1
Shields        | 1 |  1.0

Action                   |  1- 3 |  4- 6 |  7- 9 || total
-------------------------+-------+-------+-------++-------
Melee: Unarmed           |   152 |   300 |   300 ||   752
       Headbutt          |     8 |       |       ||     8
       Kick              |     3 |       |       ||     3
       Punch             |     1 |     1 |     1 ||     3
       Peck              |       |       |     7 ||     7
 Cast: Beastly Appendage |    18 |     1 |       ||    19
       Sticks to Snakes  |     6 |     4 |    14 ||    24
       Spider Form       |     1 |    30 |    43 ||    74
 Abil: Heal Wounds       |       |     1 |     7 ||     8
  Use: Potion            |     1 |     7 |     6 ||    14
       Scroll            |       |     3 |     1 ||     4
 Stab: Sleeping          |     2 |     8 |     5 ||    15
       Distracted        |       |       |     1 ||     1
  Eat: Chunk             |     3 |    13 |    19 ||    35
       Bread ration      |       |       |     1 ||     1
Armor: Robe              |     6 |       |       ||     6
       Leather armour    |    29 |    32 |     9 ||    70
       Skin              |       |    18 |    15 ||    33
Dodge: Dodged            |    84 |   241 |   216 ||   541
Block: Buckler           |       |       |    12 ||    12
